 Dungeon Crawl Stone Soup version 0.24-a0-530-g18ba70b503 (webtiles) character file.

Game seed: 948586300581346830

18 DEFE the Slasher (level 2, -1/22 HPs)
             Began as a Demonspawn Wanderer on Aug 7, 2019.
             Succumbed to an adder's poison
             ... on level 2 of the Dungeon.
             The game lasted 00:00:44 (514 turns).

DEFE the Slasher (Demonspawn Wanderer)               Turns: 514, Time: 00:00:45

Health: -1/22      AC:  9    Str: 16    XL:     2   Next: 51%
Magic:  2/2        EV:  9    Int: 11    God:
Gold:   26         SH:  0    Dex: 10    Spells: 1/1 levels left

rFire    . . .     SeeInvis .   a - +0 falchion
rCold    . . .     Gourm    .   (no shield)
rNeg     . . .     Faith    .   c - +2 scale mail
rPois    .         Spirit   .   (helmet restricted)
rElec    .         Reflect  .   (no cloak)
rCorr    .         Harm     .   (no gloves)
MR       .....                  h - +0 pair of boots
Stlth    ..........             (no amulet)
HPRegen  0.07/turn              (no ring)
MPRegen  0.08/turn              (no ring)

@: lethally poisoned (-1 -> -26)
A: antennae 1
a: no special abilities


You were on level 2 of the Dungeon.
You were not hungry.

You visited 1 branch of the dungeon, and saw 2 of its levels.

You collected 26 gold pieces.

Inventory:

Hand Weapons
 a - a +0 falchion (weapon)
Armour
 c - a +2 scale mail (worn)
 h - a +0 pair of boots (worn)
Scrolls
 b - 2 scrolls of teleportation
 e - a scroll of immolation {unknown}
 f - a scroll of remove curse {unknown}
 g - 2 scrolls of identify {unknown}
Comestibles
 d - 3 rations


   Skills:
 - Level 2.0 Fighting
 + Level 3.5 Long Blades
 - Level 2.6 Armour
 - Level 1.0 Stealth
   Level 1.0 Shields


You had one spell level left.
You didn't know any spells.
Your spell library was empty.

Dungeon Overview and Level Annotations

Branches:
Dungeon (1/15)

Altars:


Innate Abilities, Weirdness & Mutations

You have a pair of small antennae on your head.


Message History

* * * LOW HITPOINT WARNING * * *
You are more poisoned.
The adder poisons you!
You take 4 damage, and have 5/22 hp.
You aren't carrying any potions.
You aren't carrying any potions.
You miss the adder.
* * * LOW HITPOINT WARNING * * *
You feel sick. The adder bites you.
* * * LOW HITPOINT WARNING * * *
You are more poisoned.
The adder poisons you!
You take 2 damage, and have 3/22 hp.
You hit the adder.
* * * LOW HITPOINT WARNING * * *
You feel sick. The adder completely misses you.
The adder bites you but does no damage.
You take 2 damage, and have 1/22 hp.
You closely miss the adder.
You die...

. .# . .. ..## . ..
#######.... .#####.
#.......... ...#..
#####.........# .....#
#..............
.#...#####.##...@.....#
.................S......
......#####.....##......
###.#......>.........?..
#.##.>###....#.#......
##.##........##........
##..##.#.......#... ....
..........#....... ...#
...##..###...>#...


You could see an adder.

Vanquished Creatures
  An adder (D:2)
  2 bats (D:2)
  2 hobgoblins (D:2)
  3 kobolds
  2 rats (D:2)
10 creatures vanquished.

Notes
Turn   | Place    | Note
-------+----------+-------------------------------------------
     0 | D:1      | DEFE the Demonspawn Wanderer began the quest for the Orb.
     0 | D:1      | DEFE set off with the following items: a +0 falchion, a
                  | scroll of teleportation, a +2 scale mail, a ration
     0 | D:1      | Reached XP level 1. HP: 16/16 MP: 1/1
    17 | D:1      | You fall into a shaft and drop 1 floor!
    53 | D:2      | Reached skill level 3 in Long Blades
   130 | D:2      | Gained mutation: You have a pair of small antennae on your
                  | head. [demonic ancestry]
   130 | D:2      | Reached XP level 2. HP: 20/22 MP: 2/2
   513 | D:2      | HP: 1/22 [poisoned by an adder]
   514 | D:2      | Succumbed to an adder's poison

Levels and vault maps discovered:
D:1:      dpeg_arrival_renting, layout_rooms
D:2:      layout_rooms, ashenzari_conservatory_becter

Skill      XL: |  1 |
---------------+----+-----
Long Blades    | 3 |  3.5
Fighting       | |  2.0
Armour         | |  2.6
Stealth        | |  1.0
Shields        | |  1.0

Action                   || total
-------------------------++-------
Melee: Falchion          ||    49
Armor: Scale mail        ||    27
Dodge: Dodged            ||    28
       Rpst.: Falchion   ||    11

Table legend:
 A = Non-vault XP
 B = Vault XP
 C = Vault XP percentage of total XP
 D = Non-vault monster count
 E = Vault monster count
 F = Vault count percentage of total count
                 A         B        C        D         E       F
            +---------+---------+-------+---------+---------+-------
      Total |      27 |       0 |   0.0 |      10 |       0 |   0.0
            +---------+---------+-------+---------+---------+-------
        D:1 |       4 |       0 |   0.0 |       2 |       0 |   0.0
        D:2 |      23 |       0 |   0.0 |       8 |       0 |   0.0
            +---------+---------+-------+---------+---------+-------
